 Dungeon Crawl Stone Soup version 0.31-a0-479-g91c9547826 (webtiles) character file.

Game seed: 585075565059206312

300 Ethylacetat the Chopper (level 6, -4/49 HPs)
             Began as a Vine Stalker Monk on Aug 7, 2023.
             Slain by Duvessa
             ... wielding a +0 short sword
              (10 damage)
             ... on level 4 of the Dungeon.
             The game lasted 00:04:27 (2783 turns).

Ethylacetat the Chopper (Vine Stalker Monk)         Turns: 2783, Time: 00:04:28

Health: -4/49      AC: 23    Str: 15    XL:     6   Next: 36%
Magic:  0/10       EV:  2    Int: 10    God:
Gold:   204        SH:  0    Dex: 17    Spells: 10/10 levels left

rFire   + . .        s - +2 hand axe
rCold   + . .        d - orb {light}
rNeg    . . .        b - melded +0 robe
rPois   +            (helmet currently unavailable)
rElec   +            (cloak currently unavailable)
rCorr   +            (gloves currently unavailable)
SInv    .            (boots currently unavailable)
Will    .....        (no amulet)
Stlth   +            (no ring)
HPRegen 1.08/turn    (no ring)
MPRegen 0.12/turn

%: guardian spirit
@: tree-form (expiring), resistant, hasted, glowing, very quick
A: stationary, stasis, torment immunity, boosted hp, (fangs 2), regeneration 1,
magic shield, (antimagic bite), no potion heal 2, low MP 1
a: no special abilities


You were on level 4 of the Dungeon.
You were a tree.
You visited 1 branch of the dungeon, and saw 4 of its levels.

You collected 204 gold pieces.

Inventory:

Hand Weapons
 s - a +2 hand axe (weapon)
Missiles
 l - a throwing net
Armour
 b - a +0 robe (melded)
 d - an orb of light (worn)
Jewellery
 q - a +6 ring of intelligence
Wands
 r - a wand of polymorph (6)
 t - a wand of paralysis (10)
Scrolls
 a - a scroll of torment {unknown}
 e - 2 scrolls of blinking {unknown}
 f - a scroll of amnesia {unknown}
 g - a scroll of enchant weapon {unknown}
 j - a scroll of fear {unknown}
 m - 3 scrolls of identify {unknown}
 o - a scroll of vulnerability {unknown}
 u - a scroll of summoning {unknown}
Potions
 c - 2 potions of ambrosia
 p - 2 potions of resistance


   Skills:
 + Level 3.8 Fighting
 * Level 4.9 Axes
 - Level 2.4 Dodging
 + Level 2.7 Spellcasting


You had 10 spell levels left.
You didn't know any spells.
Your spell library contained the following spells:

 Spells                   Type           Power      Damage    Failure   Level
 Slow                     Hex            4%         N/A       28%         1


Dungeon Overview and Level Annotations

Branches:
Dungeon (4/15)
 Temple: D:4-7

Altars:
Sif Muna
Trog

Annotations:
D:4 Duvessa


Innate Abilities, Weirdness & Mutations

You are a tree.
Your roots penetrate the ground, keeping you stationary.
You cannot be teleported.
You are immune to unholy pain and torment.
Your maximum health is greatly increased.
Your equipment is partially melded.
((You have extremely sharp teeth.))
Your natural rate of healing is unusually fast.
When hurt, damage is shared between your health and your magic reserves.
((Your bite disrupts and absorbs the magic of your enemies.))
Potions cannot restore your health.
Your magical capacity is low. (-10% MP)


Message History

You hit Dowan. Duvessa hits you but does no damage.
Unknown command.
You hit Duvessa but do no damage.
Duvessa is moderately wounded.
You hit Dowan. Duvessa hits you but does no damage.
Dowan hits you but does no damage.
Unknown command.
You hit Duvessa but do no damage.
Duvessa is moderately wounded.
You barely miss Dowan. Duvessa completely misses you.
Unknown command.
You hit Duvessa but do no damage.
Duvessa is moderately wounded.
You hit Dowan.
You kill Dowan!
Duvessa screams, "No!
How DARE you!"
Duvessa goes berserk!
Duvessa hits you but does no damage.
Unknown command.
You hit Duvessa.
Duvessa is moderately wounded.
Duvessa hits you but does no damage.
Unknown command.
You hit Duvessa.
Duvessa is heavily wounded.
Duvessa hits you but does no damage.
Unknown command.
You hit Duvessa.
Duvessa is heavily wounded.
Duvessa hits you with a +0 short sword!
* * * LOW HITPOINT WARNING * * *
Unknown command.
You completely miss Duvessa.
Duvessa is heavily wounded.
Duvessa hits you with a +0 short sword.
* * * LOW HITPOINT WARNING * * *
Unknown command.
You hit Duvessa but do no damage.
Duvessa is heavily wounded.
Duvessa hits you with a +0 short sword!
You die...

.. ##### ..# #...#
.. #...# ..
#...#### #.
#>.....## #.# #.
#.......#
#....#.##.......###
#....e♣)........#
#.#.###.#######.#
## .. #.# #.# #.
... #.# #.### #.
... #.# #...####.
.# #.# ###......
... ####### ..


You could see Duvessa (berserk, fast).

Vanquished Creatures
  Dowan (D:4)
  An orc priest (D:3)
  Natasha (thrice) (D:2)
  A gnoll (D:3)
  6 adders
  A white imp (D:3)
  2 worms
  3 dart slugs
  3 orcs (D:3)
  5 endoplasms
  6 goblins
  9 hobgoblins
  8 jackals
  2 kobolds
  6 ball pythons
  6 bats
  2 frilled lizards (D:3)
  4 rats
69 creatures vanquished.

Notes
Turn   | Place    | Note
-------+----------+-------------------------------------------
     0 | D:1      | Ethylacetat the Vine Stalker Monk began the quest for the
                  | Orb.
     0 | D:1      | Reached XP level 1. HP: 11/11 MP: 2/2
    67 | D:1      | Reached XP level 2. HP: 10/16 MP: 0/3
   127 | D:1      | Reached skill level 3 in Axes
   305 | D:1      | Reached skill level 1 in Spellcasting
   430 | D:1      | Reached XP level 3. HP: 20/20 MP: 5/5
  1107 | D:2      | Noticed Natasha
  1114 | D:2      | Killed Natasha
  1115 | D:2      | Gained mutation: Your natural rate of healing is unusually
                  | fast. [Vine Stalker growth]
  1115 | D:2      | Reached XP level 4. HP: 9/24 MP: 4/7
  1711 | D:2      | Noticed Natasha
  1722 | D:2      | Killed Natasha
  1723 | D:2      | Reached skill level 4 in Axes
  1723 | D:2      | Reached XP level 5. HP: 15/28 MP: 5/9
  1727 | D:2      | Noticed Natasha
  1786 | D:2      | Killed Natasha
  1834 | D:3      | Found a bloodstained altar of Trog.
  1853 | D:3      | Found a shimmering blue altar of Sif Muna.
  1902 | D:3      | Got Sif Muna's Compilation of Obstruction
  2196 | D:3      | Found a faded altar of an unknown god.
  2202 | D:3      | Reached XP level 6. HP: 27/33 MP: 10/10
  2752 | D:4      | Noticed Dowan
  2752 | D:4      | Noticed Duvessa
  2765 | D:4      | Gained mutation: Your magical capacity is low. (-10% MP)
                  | [potion of mutation]
  2778 | D:4      | Killed Dowan
  2783 | D:4      | Slain by Duvessa

Illustrated notes

Levels and vault maps discovered:
D:1:      mainiacjoe_arrival_reflecting_pool, layout_rooms, serial_curves,
          eino_curves_02, eino_curves_04, minivault_24, minmay_misc_feat_alley
D:2:      layout_loops_ring, chequers_serial_rivers_micro_d,
          minmay_shallow_snake_nest, uniq_natasha
D:3:      layout_loops_ring, nzn_overflow_gifts_of_might_and_magic,
          hellmonk_ecumenical_altar_run_dry
D:4:      layout_basic, minmay_temple_entry_crystal_x,
          kennysheep_generic_room_10, uniq_duvessa

Skill      XL: |  1  2  3  4 |
---------------+-------------+-----
Axes           | 3 4 |  4.9
Spellcasting   | 1 2 |  2.7
Fighting       | 3 |  3.8
Dodging        | |  2.4

Action                     |  1- 3 |  4- 6 || total
---------------------------+-------+-------++-------
  Melee: Hand axe          |    79 |   118 ||   197
         Bite              |    24 |    30 ||    54
         Unarmed           |       |    11 ||    11
    Use: Potion            |       |     5 ||     5
 Armour: Robe              |    13 |    11 ||    24
         Skin              |       |    18 ||    18
  Dodge: Dodged            |    52 |    59 ||   111

Table legend: (Time is in decaauts)
 A = Elapsed time spent in this place.
 B = Non-inter-level travel time spent in this place.
 C = Inter-level travel time spent in this place.
 D = Time resting spent in this place.
 E = Time spent auto-exploring this place.
 F = Levels seen in this place.
 G = Mean time per level.
                   A        B        C        D        E       F      G
               +--------+--------+--------+--------+--------+-----+--------+
         Total |   2789 |   2504 |    285 |      0 |   1955 |   4 |  697.2 |
       Dungeon |   2789 |   2504 |    285 |      0 |   1955 |   4 |  697.2 |
               +--------+--------+--------+--------+--------+-----+--------+

Top non-repeatable levels by time:
     D:2: 1174 daAuts
     D:3: 721 daAuts
     D:1: 635 daAuts
     D:4: 258 daAuts
